 Dungeon Sprint DCSS version 0.29-a0-284-gf9362112df (webtiles) character file.

Game seed: 913957249937001737

131 mhtbhm the Slinger (level 4, -5/23 HPs)
             Began as a Spriggan Hunter on Mar 21, 2022.
             Killed from afar by a deep elf pyromancer (28 damage)
             ... with a bolt of fire
             ... in the Dungeon (Sprint III: "The Ten Rune Challenge").
             The game lasted 00:01:52 (646 turns).

mhtbhm the Slinger (Spriggan Hunter)                 Turns: 646, Time: 00:01:54

Health: -5/23      AC:  3    Str:  7    XL:     4   Next: 91%
Magic:  5/5        EV: 19    Int: 10    God:
Gold:   22         SH:  0    Dex: 20    Spells: 3/3 levels left

rFire   . . .      SeeInvis +   a - +1 hunting sling
rCold   . . .      Faith    .   (no shield)
rNeg    . . .      Spirit   .   b - +0 robe
rPois   .          Reflect  .   (helmet restricted)
rElec   .          Harm     .   j - +0 cloak
rCorr   .          Rampage  .   (gloves unavailable)
Will    .....      NoTele   +   (boots unavailable)
Stlth   ++........              (no amulet)
HPRegen 0.07/turn               (no ring)
MPRegen 0.09/turn               (no ring)

@: very quick
A: very small, no large weapons, unfitting armour, see invisible, speed 3, horns
1, subdued magic 1
a: no special abilities


You were in the Dungeon.
You visited 1 branch You collected 22 gold pieces.

Inventory:

Hand Weapons
 a - a +1 hunting sling (weapon)
 k - a +2 quarterstaff of chaos
Armour
 b - a +0 robe (worn)
 j - a +0 cloak (worn)
Scrolls
 c - a scroll of immolation
 i - a scroll of blinking
 l - a scroll of torment {unknown}
 m - a scroll of identify {unknown}
 o - a scroll of holy word {unknown}
 p - a scroll of amnesia {unknown}
Potions
 d - 4 potions of curing
 e - a potion of heal wounds
 f - a potion of haste
 g - 2 potions of magic
 h - a potion of berserk rage
 n - 2 potions of flight
 q - 3 potions of mutation


   Skills:
 + Level 2.7 Fighting
 + Level 11.8 Slings
 + Level 4.0 Dodging
 + Level 1.5 Stealth


You had 3 spell levels left.
You didn't know any spells.
Your spell library was empty.

Dungeon Overview and Level Annotations

Branches:
Dungeon (1/1)

Altars:
Elyvilon
Zin
The Shining One


Innate Abilities, Weirdness & Mutations

You are very small and have problems with some larger weapons.
You are too small for most types of armour.
You have supernaturally acute eyesight. (SInv)
You cover ground extremely quickly. (Speed+++)
You have a pair of small horns on your head.
Your spells are a little easier to cast, but a little less powerful.


Message History

Aim: a water elemental (almost destroyed, 76% to hit)
You shoot a sling bullet.
The sling bullet closely misses the water elemental.
The water elemental barely misses you.
Unknown command.
Fire: a) +1 hunting sling
Press: ? - help, Q - select action Shift-Dir - straight line, f/p - water elemental
Aim: a water elemental (almost destroyed, 76% to hit)
You shoot a sling bullet.
The sling bullet barely misses the water elemental.
The water elemental completely misses you.
Unknown command.
Fire: a) +1 hunting sling
Press: ? - help, Q - select action Shift-Dir - straight line, f/p - water elemental
Aim: a water elemental (severely damaged, 76% to hit)
You shoot a sling bullet.
The sling bullet hits the water elemental!
You destroy the water elemental!
Your Slings skill increases to level 11!
Your Dodging skill increases to level 4!
Unknown command.
HP restored.
There is an open door here.
There is an open door here.
Things that are here:
a +0 club; a +0 robe
There is an open door here.
You see here a human skeleton.
There is an open door to the Ecumenical Temple here.
You open the door.
Found three altars.
A deep elf pyromancer comes into view.
It is wielding a +1 long sword of holy wrath.
Found a potion of curing.
You shoot a sling bullet.
The sling bullet hits the deep elf pyromancer.
The deep elf pyromancer is lightly wounded.
The deep elf pyromancer casts a spell at you.
The bolt of fire hits you!!
Ouch! That really hurt!
You die...

▓▓▓▓ ▓▓▓ ...♣♣♣♣
♣.##### ......♣ ♣.#___#
....♣♣♣ ♣.#e..# ....≈.♣
♣♣.###'#+###+## ...≈≈.♣
♣..#..........#
..≈≈≈≈♣♣♣..'.⌠..@.....#
..≈≈≈≈≈≈...#...######+#
.≈≈≈≈≈≈....#.⌠.#
.≈≈≈≈≈.....#...#
.≈≈≈.......#+###
...........#
...........#
▓▓▓▓▓▓▓▓▓▓▓▓


You could see a deep elf pyromancer.

Vanquished Creatures
  A water elemental (D)
  Crazy Yiuf (D)
  Jessica (D)
  A human (D)
  3 rats (D)
7 creatures vanquished.

Notes
Turn   | Place    | Note
-------+----------+-------------------------------------------
     0 | D        | mhtbhm the Spriggan Hunter began the quest for the Orb.
     0 | D        | Reached XP level 1. HP: 10/10 MP: 2/2
     3 | D        | Reached skill level 5 in Slings
    40 | D        | Noticed Jessica
    45 | D        | Killed Jessica
    46 | D        | Reached skill level 8 in Slings
    46 | D        | Reached XP level 2. HP: 15/15 MP: 3/3
   155 | D        | Reached skill level 9 in Slings
   155 | D        | Reached XP level 3. HP: 18/18 MP: 4/4
   259 | D        | Noticed Crazy Yiuf
   279 | D        | Killed Crazy Yiuf
   280 | D        | Reached skill level 10 in Slings
   280 | D        | Reached XP level 4. HP: 23/23 MP: 5/5
   325 | D        | Gained mutation: Your spells are a little easier to cast,
                  | but a little less powerful. [potion of mutation]
   325 | D        | Gained mutation: You have a pair of small horns on your
                  | head. [potion of mutation]
   348 | D        | Noticed a water elemental
   391 | D        | Killed a water elemental
   392 | D        | Reached skill level 11 in Slings
   642 | D        | Found a glowing silver altar of Zin.
   642 | D        | Found a glowing golden altar of the Shining One.
   642 | D        | Found a white marble altar of Elyvilon.
   645 | D        | Noticed a deep elf pyromancer
   646 | D        | Killed from afar by a deep elf pyromancer

Illustrated notes

Levels and vault maps discovered:
D:        dungeon_sprint_mu [sprint_mu_entry_forest, sprint_mu_temple_rooms,
          sprint_mu_d1_spiders, sprint_mu_d2_genie, sprint_mu_d3_branching,
          sprint_mu_orc_legion, sprint_mu_elf_gauntlet, sprint_mu_hive_nellie,
          sprint_mu_lair_fedhas, sprint_mu_vaults_butterflies,
          sprint_mu_slime_circle, sprint_mu_swamp_cave, sprint_mu_shoals_kraken,
          sprint_mu_blade_basic, sprint_mu_crypt_fortress,
          sprint_mu_tomb_spiral, sprint_mu_vestibule_basic,
          sprint_mu_gehenna_hellfire, sprint_mu_dis_giant,
          sprint_mu_tartarus_statrot, sprint_mu_cocytus_islands, sprint_mu_zot1]

Skill      XL: |  1  2  3  4 |
---------------+-------------+-----
Slings         | 8 9 10 11 | 11.8
Fighting       | 2 |  2.7
Dodging        | 3 4 |  4.0
Stealth        | |  1.5

Action                   |  1- 3 |  4- 6 || total
-------------------------+-------+-------++-------
 Fire: Hunting sling     |    23 |    18 ||    41
  Use: Potion            |       |     1 ||     1
Dodge: Dodged            |     1 |     3 ||     4

Table legend: (Time is in decaauts)
 A = Elapsed time spent in this place.
 B = Non-inter-level travel time spent in this place.
 C = Inter-level travel time spent in this place.
 D = Time resting spent in this place.
 E = Time spent auto-exploring this place.
 F = Levels seen in this place.
 G = Mean time per level.
                   A        B        C        D        E       F      G
               +--------+--------+--------+--------+--------+-----+--------+
         Total |    585 |    585 |      0 |    199 |    239 |   1 |  585.0 |
       Dungeon |    585 |    585 |      0 |    199 |    239 |   1 |  585.0 |
               +--------+--------+--------+--------+--------+-----+--------+

Top non-repeatable levels by time:
       D: 585 daAuts
